 Dungeon Crawl Stone Soup version 0.24.0-13-gcf9b319 (webtiles) character file.

Game seed: 10672807193162557141, levelgen mode: deterministic

4778 Bronimir the Destroyer (level 10, -8/63 HPs)
             Began as an Octopode Conjurer on Mar 31, 2020.
             Was a Believer of Vehumet.
             Mangled by a yak (12 damage)
             ... on level 8 of the Dungeon.
             The game lasted 00:35:51 (12395 turns).

Bronimir the Destroyer (Octopode Conjurer)         Turns: 12395, Time: 00:35:52

Health: -8/63      AC:  2    Str:  8    XL:     10   Next: 47%
Magic:  20/20      EV: 16    Int: 25    God:    Vehumet [**....]
Gold:   188        SH:  6    Dex: 12    Spells: 1/22 levels left

rFire    . . .     SeeInvis .   a - +5 dagger (speed)
rCold    + . .     Gourm    .   F - +1 buckler
rNeg     . . .     Faith    .   N - +1 hat
rPois    .         Spirit   .   p - amulet of the acrobat
rElec    .         Reflect  .   m - ring of protection from cold
rCorr    .         Harm     .   K - +4 ring of intelligence
MR       .....                  (no ring)
Stlth    +++.......             (no ring)
HPRegen  0.20/turn              (no ring)
MPRegen  0.17/turn              (no ring)
                                (no ring)
                                (no ring)

@: no status effects
A: almost no armour, stealthy swim, amphibious, 8 rings, constrict 8, camouflage
1, gelatinous body 1
a: Renounce Religion


You were on level 8 of the Dungeon.
You worshipped Vehumet.
Vehumet was pleased with you.
You were not hungry.

You visited 3 branches of the dungeon, and saw 12 of its levels.

You collected 509 gold pieces.
You spent 321 gold pieces at shops.

Inventory:

Hand Weapons
 a - a +5 dagger of speed (weapon)
 b - a +2 hunting sling
 i - a +0 club
 o - a +0 rapier
 C - a +0 spear
 J - a +0 falchion of slicing
 L - a +0 shortbow
Missiles
 d - 257 arrows
 j - 20 bolts
 l - 198 stones
 y - 14 sling bullets
 B - 5 boomerangs
 I - 20 poisoned darts (quivered)
Armour
 r - a +0 large shield
 F - a +1 buckler (worn)
 G - a scarf of repulsion
 N - a +1 hat (worn)
Magical Staves
 z - an uncursed staff of death
Jewellery
 m - a ring of protection from cold (left tentacle)
 p - an amulet of the acrobat (around mantle)
 K - a +4 ring of intelligence (right tentacle)
Wands
 A - a wand of acid (1)
Scrolls
 c - 2 scrolls of amnesia
 e - 2 scrolls of teleportation
 h - a scroll of noise
 k - 4 scrolls of identify
 u - a scroll of enchant armour
 E - 2 scrolls of remove curse
 M - a scroll of magic mapping
Potions
 f - 2 potions of brilliance {unknown}
 g - 2 potions of heal wounds
 q - a potion of ambrosia
 t - 2 potions of mutation
 v - 2 potions of lignification {unknown}
 w - 2 potions of cancellation {unknown}
 x - 2 potions of curing
 D - 3 potions of might
 H - a potion of resistance
 P - a potion of agility
Comestibles
 n - 20 rations


   Skills:
 + Level 3.6 Fighting
 + Level 1.9 Short Blades
 + Level 1.6 Polearms
 + Level 3.5 Slings
 + Level 1.8 Bows
 * Level 6.0 Dodging
 - Level 3.2 Stealth
 - Level 4.0 Shields
 + Level 0.2 Unarmed Combat
 * Level 6.8 Spellcasting
 * Level 8.7 Conjurations
 + Level 1.0 Hexes
 * Level 4.2 Necromancy


You had one spell level left.
You knew the following spells:

 Your Spells              Type           Power        Failure   Level  Hunger
a - Magic Dart            Conj           ####         1%          1    None
b - Searing Ray           Conj           ######       1%          2    None
c - Dazzling Spray        Conj/Hex       ####..       2%          3    None
d - Force Lance           Conj/Tloc      ####....     12%         4    ###....
e - Vampiric Draining     Necr           ####......   3%          3    None
f - Regeneration          Chrm/Necr      ###.......   9%          3    None
g - Iskenderun's Mystic   Conj           ######..     1%          4    ###....
h - Animate Skeleton      Necr           N/A          1%          1    None

Your spell library contained the following spells:

 Spells                   Type           Power        Failure   Level  Hunger
 Freeze                   Ice            #...         7%          1    None
 Pain                     Necr           ####         1%          1    None
 Confusing Touch          Hex            ##....       4%          1    None
 Fulminant Prism          Conj/Hex       ####......   10%         4    ###....
 Animate Dead             Necr           N/A          12%         4    ###....
 Confuse                  Hex            ##......     14%         3    None
 Gell's Gravitas          Tloc           #.........   21%         3    None
 Petrify                  Tmut/Erth      #.......     56%         4    ###....
 Metabolic Englaciation   Hex/Ice        ##........   83%         5    #####..
 Yara's Violent Unravell  Hex/Tmut       ##........   83%         5    #####..


Dungeon Overview and Level Annotations

Branches:
Dungeon (10/15)            Temple (1/1) D:6            Lair (1/6) D:8
    Orc (0/2) D:9

Altars:
Ashenzari
Cheibriados
Dithmenos
Elyvilon
Fedhas
Gozag
Hepliaklqana
Kikubaaqudgha
Makhleb
Nemelex Xobeh
Okawaru
Qazlal
Ru
Sif Muna
Trog
Uskayaw
Vehumet
Wu Jian
Xom
Yredelemnul
Zin
The Shining One
Lugonu

Shops:
D:4 }   D:5 *   D:7 (=![(   D:9 :

Annotations:
D:9 Gastronok


Innate Abilities, Weirdness & Mutations

You cannot wear most types of armour.
You are very stealthy in the water. (Stealth+)
You are amphibious.
You can wear up to eight rings at the same time.
You can use your tentacles to constrict eight enemies at once.
Your skin changes colour to match your surroundings (Stealth+).
Your rubbery body absorbs attacks. (AC +1, EV +1)


Message History

HP restored.
Evoke which item? (* to show all) (? for menu, Esc to quit)
Okay, then.
You climb downwards.
Welcome back to the Lair of Beasts!
The blink frog hits you!!
The blink frog blinks!
The blink frog hits you. The yak barely misses you. The yak misses you.
The blink frog hits you! You block the blink frog's attack.
The yak completely misses you.
There is a staircase back to the Dungeon, spattered with blood here.
The yak gores you. The blink frog misses you. The blink frog hits you!
* * * LOW HITPOINT WARNING * * *
The blink frog completely misses you. The yak gores you.
* * * LOW HITPOINT WARNING * * *
You climb upwards.
Welcome back to the Dungeon!
There is a staircase to the Lair, spattered with blood here.
Okay, then.
You feel much better. The blink frog barely misses you.
The blink frog blinks!
The yak gores you! The blink frog hits you!!
* * * LOW HITPOINT WARNING * * *
The blink frog blinks!
The yak gores you!
You die...

## ############ #.....# .####
#........<.# #.....## ....#
#..........# ###....... ....#
#....<.....#######.......## _8_.#
#......F..F........#.....# ._..#
#..........#########.....# ....#
#..........# ##.....# ....#
#.........Y# ##..#.#### ###.#
#........§@# ###..##..#..
###.###........Y§#####.[.####)#.#
..#...########....##...### #)..#
..###.# ####..).### #))## ..# #.#
#..### ##..# ..# #.# ##.## #...#
..# #.## #..# #..## ..# #..###
###..## #.## ..####...##
#.....### ##.# ##


You could see 2 yaks and 2 blink frogs.

Vanquished Creatures
  A two-headed ogre (D:9)
  A spiny frog (Lair:1)
  A spriggan (D:9)
  2 yaks (D:8)
  A hungry ghost (D:9)
  2 ice beasts
  2 phantoms (D:9)
  A black bear (D:8)
  A necrophage (D:5)
  An ogre (D:8)
  2 centaurs
  A crocodile (Lair:1)
  3 bullfrogs
  A troll zombie (D:9)
  2 scorpions
  3 killer bees (D:9)
  10 wights (D:9)
  3 howler monkeys
  6 crimson imps
  A centaur zombie (D:7)
  A bullfrog zombie (D:9)
  3 jellies
  2 hounds
  6 orc priests
  A bullfrog skeleton (D:9)
  A centaur skeleton (D:4)
  Natasha (D:4)
  7 orc wizards
  2 iguanas
  6 worker ants
  7 ogre zombies (D:9)
  A hound skeleton (D:5)
  A worker ant zombie (D:6)
  6 adders
  4 shadow imps
  An ooze (D:3)
  An adder zombie (D:6)
  6 worms
  4 dart slugs
  2 leopard geckos
  20 orcs
  7 giant cockroaches
  12 hobgoblins
  14 jackals
  4 quokkas
  4 ball pythons
  9 bats
  3 frilled lizards
  4 goblins
  3 goblin skeletons (D:9)
  2 goblin zombies (D:9)
  3 hobgoblin skeletons (D:9)
  2 hobgoblin zombies (D:9)
  3 kobolds (D:1)
  A leopard gecko skeleton (D:5)
  2 orc skeletons (D:9)
  8 orc zombies (D:9)
  7 rats
  A spectral orc (D:2)
217 creatures vanquished.

Vanquished Creatures (others)
  An orc wizard (D:8)
1 creature vanquished.

Grand Total: 218 creatures vanquished

Notes
Turn   | Place    | Note
-------+----------+-------------------------------------------
     0 | D:1      | Bronimir the Octopode Conjurer began the quest for the Orb.
     0 | D:1      | Reached XP level 1. HP: 11/11 MP: 3/3
   276 | D:1      | Reached XP level 2. HP: 17/17 MP: 3/5
   901 | D:2      | Reached XP level 3. HP: 21/21 MP: 6/6
  1234 | D:2      | Found a basalt altar of Yredelemnul.
  1435 | D:2      | Learned a level 2 spell: Searing Ray
  1439 | D:2      | Learned a level 3 spell: Dazzling Spray
  1659 | D:2      | Reached skill level 5 in Conjurations
  1659 | D:2      | Reached XP level 4. HP: 27/27 MP: 1/7
  2418 | D:3      | Reached skill level 1 in Polearms
  2418 | D:3      | Reached XP level 5. HP: 17/31 MP: 1/8
  2595 | D:3      | Found an iron altar of Okawaru.
  3160 | D:3      | Noticed a +0 hand axe
  3160 | D:3      | Noticed a -3 dagger
  3162 | D:3      | Found a hide-covered altar of Uskayaw.
  3735 | D:4      | Found Feozuupt's Gadget Boutique.
  3893 | D:4      | Reached XP level 6. HP: 35/36 MP: 7/10
  3956 | D:4      | Reached skill level 1 in Fighting
  4097 | D:4      | Reached skill level 6 in Conjurations
  4319 | D:4      | Noticed Natasha
  4323 | D:4      | Killed Natasha
  4487 | D:5      | Entered Level 5 of the Dungeon
  4491 | D:5      | Found an opulent altar of Gozag.
  4531 | D:5      | Found Zin's Purification Station.
  4536 | D:5      | Found a glowing silver altar of Zin.
  4539 | D:5      | Bought a potion of curing for 90 gold pieces
  4608 | D:5      | Reached skill level 1 in Shields
  4839 | D:5      | Reached XP level 7. HP: 30/43 MP: 4/12
  5113 | D:5      | Found Faprora's General Store.
  5136 | D:5      | Found a white marble altar of Elyvilon.
  5529 | D:6      | Found a shimmering altar of Xom.
  5530 | D:6      | Found a hazy altar of Hepliaklqana.
  5530 | D:6      | Noticed a tentacled monstrosity
  5531 | D:6      | Noticed a tentacled monstrosity
  5531 | D:6      | Noticed a spectral ugly thing
  5570 | D:6      | Found a snail-covered altar of Cheibriados.
  5572 | D:6      | HP: 2/43 [acid (8)]
  5828 | D:5      | Reached XP level 8. HP: 44/49 MP: 10/14
  5875 | D:6      | Learned a level 4 spell: Force Lance
  5879 | D:6      | Learned a level 3 spell: Vampiric Draining
  5883 | D:6      | Learned a level 3 spell: Regeneration
  6210 | D:6      | Found a staircase to the Ecumenical Temple.
  6220 | D:6      | Reached skill level 7 in Conjurations
  6238 | Temple   | Entered the Ecumenical Temple
  6270 | Temple   | Became a worshipper of Vehumet
  6512 | D:6      | Found an ancient bone altar of Kikubaaqudgha.
  6657 | D:7      | Found a blossoming altar of Fedhas.
  6664 | D:7      | Reached skill level 1 in Short Blades
  6801 | D:7      | Found Nitifon's Antique Weapon Emporium.
  6820 | D:7      | Found Kuff's Jewellery Shoppe.
  6828 | D:7      | Found a stormy altar of Qazlal.
  6883 | D:7      | Reached skill level 5 in Spellcasting
  6977 | D:7      | Found Woclitix's Armour Emporium.
  6981 | D:7      | Found Oniture's Distillery.
  6993 | D:7      | Bought 2 potions of might for 88 gold pieces
  6993 | D:7      | Bought a potion of ambrosia for 88 gold pieces
  6993 | D:7      | Bought a potion of heal wounds for 55 gold pieces
  7014 | D:7      | Found Volaffol's Antique Weapon Shoppe.
  7127 | D:7      | Reached skill level 1 in Necromancy
  7140 | D:7      | Reached skill level 1 in Bows
  7782 | D:8      | Reached skill level 1 in Slings
  7791 | D:8      | Reached XP level 9. HP: 40/55 MP: 3/17
  8156 | D:8      | Found a staircase to the Lair.
  8175 | D:8      | Found a sparkling altar of Nemelex Xobeh.
  8176 | D:8      | Found an ornate altar of the Wu Jian Council.
  8177 | D:8      | Found a glowing golden altar of the Shining One.
  8349 | D:8      | Found a shimmering blue altar of Sif Muna.
  8830 | D:9      | Reached * piety under Vehumet
  8830 | D:9      | Offered knowledge of Sandblast by Vehumet.
  9140 | D:9      | Reached skill level 8 in Conjurations
  9317 | D:9      | Found Enydior's Book Shoppe.
  9478 | D:9      | Found a staircase to the Orcish Mines.
  9823 | D:9      | Reached ** piety under Vehumet
  9825 | D:9      | Noticed a two-headed ogre
  9835 | D:9      | Killed a two-headed ogre
  9835 | D:9      | Offered knowledge of Freeze by Vehumet.
  9835 | D:9      | Reached skill level 5 in Dodging
  9835 | D:9      | Reached XP level 10. HP: 37/63 MP: 2/19
 10294 | D:9      | Noticed Gastronok
 11112 | D:10     | Entered Level 10 of the Dungeon
 11457 | Lair:1   | Entered Level 1 of the Lair of Beasts
 11457 | Lair:1   | Noticed a spiny frog
 11467 | Lair:1   | Killed a spiny frog
 11786 | Lair:1   | Learned a level 4 spell: Iskenderun's Mystic Blast
 11788 | Lair:1   | Learned a level 1 spell: Animate Skeleton
 12143 | D:8      | Reached skill level 1 in Hexes
 12395 | D:8      | Mangled by a yak

Levels and vault maps discovered:
D:1:      scummos_arrival_hexagon, layout_basic
D:2:      layout_basic, yredelemnul_forgotten_temple_becter, first_ration
D:3:      layout_loops_ring, nicolae_overflow_crystal_walls,
          dancing_weapons_uskayaw
D:4:      layout_loops_ring, serial_shops, shop, uniq_natasha
D:5:      layout_basic, zin_purify, elyvilon_altar_3, lemuel_doored_altar,
          serial_shops, shop_statue, minmay_holes, minivault_23
D:6:      layout_rooms, regret_index_temple_of_mockery, kennysheep_mini,
          kennysheep_slug_shrine, minmay_temple_entry_statues_pillars
D:7:      layout_basic, grunt_temple_overflow_forces_of_nature, serial_shops,
          shop, shop, shop, kennysheep_little_box, shop
D:8:      layout_rooms, lemuel_crystal_altar,
          chequers_temple_overflow_statue_of_worship, lair_entry_dummy
D:9:      layout_loops_corners, zombieorc2_lemuel, serial_shops, shop,
          the_bakery, uniq_gastronok
D:10:     layout_long_grid
Temple:   corrupted_temple
Lair:1:   layout_hall_layers, gauntlet_entry_generic, lemuel_fruit_tree,
          serial_bayou_shore_a, grunt_megastairs_4

Skill      XL: |  1  2  3  4  5  6  7  8  9 10 |
---------------+-------------------------------+-----
Stealth        | 3 |  3.2
Conjurations   | 5 6 7 8 |  8.7
Polearms       | 1 |  1.6
Dodging        | 3 4 5 6 |  6.0
Fighting       | 1 2 3 |  3.6
Spellcasting   | 3 4 5 6 |  6.8
Shields        | 1 2 3 4 |  4.0
Short Blades   | 1 |  1.9
Necromancy     | 1 3 4 |  4.2
Bows           | 1 |  1.8
Slings         | 1 3 |  3.5
Hexes          | 1 |  1.0
Unarmed Combat | |  0.2

Action                   |  1- 3 |  4- 6 |  7- 9 | 10-12 || total
-------------------------+-------+-------+-------+-------++-------
Melee: Unarmed           |     7 |       |       |       ||     7
       Constrict         |     8 |    18 |    20 |     4 ||    50
       Spear             |    27 |    62 |       |       ||    89
       Tentacles         |     4 |    20 |    17 |     5 ||    46
       Dagger            |       |    24 |   122 |    32 ||   178
 Fire: Shortbow          |       |       |    45 |       ||    45
       Hunting sling     |       |       |    48 |       ||    48
 Cast: Magic Dart        |    50 |    88 |    66 |    32 ||   236
       Dazzling Spray    |     2 |     1 |     7 |    11 ||    21
       Searing Ray       |       |    12 |    38 |    21 ||    71
       Iskenderun's Myst |       |       |       |     4 ||     4
Evoke: Wand              |       |       |     5 |       ||     5
  Use: Potion            |       |       |     3 |     1 ||     4
       Scroll            |       |       |    10 |     7 ||    17
 Stab: Sleeping          |     1 |     5 |     2 |       ||     8
       Distracted        |       |     1 |     1 |       ||     2
       Invisible         |       |       |     3 |     1 ||     4
  Eat: Chunk             |     3 |    11 |    13 |     1 ||    28
       Ration            |       |       |     1 |     2 ||     3
Armor: Skin              |     2 |     5 |     8 |     1 ||    16
Dodge: Dodged            |    22 |    80 |   131 |    69 ||   302
Block: Buckler           |       |     1 |    42 |    16 ||    59
